 Dungeon Sprint DCSS version 0.29.1-1-gd02db6906a (webtiles) character file.

Game seed: 1845178629453405758

452 Groucho the Trooper (level 7, -11/73 HPs)
             Began as a Naga Fighter on Oct 9, 2022.
             Was an Initiate of Cheibriados.
             Mangled by a two-headed ogre
             ... wielding a +0 giant club
              (19 damage)
             ... in the Dungeon (Sprint IX: "|||||||||||||||||||||||||||||").
             The game lasted 00:01:45 (693 turns).

Groucho the Trooper (Naga Fighter)                   Turns: 693, Time: 00:01:45

Health: -11/73     AC: 14    Str: 19    XL:     7   Next: 5%
Magic:  7/10       EV:  5    Int: 12    God:    Cheibriados [......]
Gold:   0          SH:  6    Dex: 14    Spells: 6/6 levels left

rFire   . . .      SeeInvis +   m - +3 war axe (freeze)
rCold   . . .      Faith    .   c - +0 buckler
rNeg    . . .      Spirit   .   b - +1 chain mail
rPois   +          Reflect  .   (no helmet)
rElec   .          Harm     .   n - +0 cloak
rCorr   .          Rampage  .   a - +0 pair of gloves
Will    .....      NoTele   +   (no barding)
Stlth   ..........              (no amulet)
HPRegen 0.22/turn               o - +2 ring of protection
MPRegen 0.12/turn               p - +3 ring of intelligence

@: mighty, invisible (expiring), very slow
A: AC +2, large, see invisible, deformed body, poison resistance, slowness 2,
spit poison 1, naga tail 1
a: Spit Poison, Renounce Religion


You were in the Dungeon.
You worshipped Cheibriados.
Cheibriados was noncommittal.
You visited 1 branch

Inventory:

Hand Weapons
 l - a +2 morningstar of flaming
 m - a +3 war axe of freezing (weapon)
Armour
 a - a +0 pair of gloves (worn)
 b - a +1 chain mail (worn)
 c - a +0 buckler (worn)
 n - a +0 cloak (worn)
Jewellery
 o - a +2 ring of protection (left hand)
 p - a +3 ring of intelligence (right hand)
Wands
 k - a wand of quicksilver (10)
Scrolls
 i - 2 scrolls of amnesia
 j - 2 scrolls of blinking
Potions
 g - 4 potions of curing
 h - 4 potions of magic


   Skills:
 + Level 7.6 Fighting
 + Level 7.2 Axes
 + Level 6.3 Armour
 + Level 7.0 Shields
 + Level 4.0 Invocations


You had 6 spell levels left.
You didn't know any spells.
Your spell library was empty.

Dungeon Overview and Level Annotations

Branches:
Dungeon (1/1)

Altars:
Cheibriados
Dithmenos
Elyvilon
Fedhas
Gozag
Hepliaklqana
Kikubaaqudgha
Makhleb
Nemelex Xobeh
Okawaru
Qazlal
Ru
Sif Muna
Trog
Uskayaw
Vehumet
Wu Jian
Xom
Yredelemnul
Zin
The Shining One
Jiyva
Lugonu


Innate Abilities, Weirdness & Mutations

Your serpentine skin is tough. (AC +2)
You have supernaturally acute eyesight. (SInv)
Armour fits poorly on your strangely shaped body.
Your system is resistant to poisons. (rPois)
You cover ground very slowly.
You can spit poison.
You have a snake-like lower body.


Message History

Cheibriados appreciates the change of pace.
The killer bee buzzes angrily.
Your Fighting skill increases to level 7!
Your Axes skill increases to level 7!
Your Armour skill increases to level 6!
Your Shields skill increases to level 7!
Your Invocations skill gained 3 levels and is now at level 4!
You have reached level 7!
Unknown command.
The two-headed ogre hits you with a +0 giant club!!
* * * LOW HITPOINT WARNING * * *
The two-headed ogre hits you with a +0 giant club!
* * * LOW HITPOINT WARNING * * *
There is an open door to the Dungeon, spattered with blood here.
Things that are here:
a +0 dagger; a +0 robe; an orc corpse You feel much better.
The killer bee buzzes angrily.
You block the two-headed ogre's attack.
The two-headed ogre hits you with a +0 giant club!
* * * LOW HITPOINT WARNING * * *
You feel much better.
The killer bee buzzes angrily.
You barely miss the two-headed ogre.
The two-headed ogre hits you but does no damage.
The two-headed ogre hits you with a +0 giant club!
You catch the helpless two-headed ogre completely off-guard!
You slice the two-headed ogre!! You freeze the two-headed ogre!
The two-headed ogre is heavily wounded.
The killer bee buzzes angrily.
You slash the two-headed ogre! You freeze the two-headed ogre.
The two-headed ogre is severely wounded.
You flicker for a moment.
The two-headed ogre hits you with a +0 giant club!
* * * LOW HITPOINT WARNING * * *
The two-headed ogre barely misses you.
Unknown command.
You slash the two-headed ogre! You freeze the two-headed ogre.
The two-headed ogre is almost dead.
The two-headed ogre hits you with a +0 giant club!!
You die...

▓+▓
▓.▓
▓.▓
▓T▓
▓o▓
▓y▓
▓O▓
▓@▓
▓.▓
▓.▓
▓[▓
▓.▓
▓.▓
▓.▓
▓)▓
▓.▓


You could see a two-headed ogre (unable to see you), a troll (unable to see
you), an orc warrior (unable to see you) and a killer bee (wandering, unable to
see you).

Vanquished Creatures
  A troll (D)
  An ice beast (D)
  A necrophage (D)
  An iguana (D)
  An orc wizard (D)
  2 adders (D)
  A bat (D)
  An endoplasm (D)
  A hobgoblin (D)
  A kobold (D)
  A rat (D)
12 creatures vanquished.

Notes
Turn   | Place    | Note
-------+----------+-------------------------------------------
     0 | D        | Groucho the Naga Fighter began the quest for the Orb.
     0 | D        | Reached XP level 1. HP: 21/21 MP: 1/1
   203 | D        | Noticed a necrophage
   203 | D        | Noticed an iguana
   203 | D        | Noticed an ice beast
   214 | D        | Killed an ice beast
   215 | D        | Reached skill level 5 in Fighting
   215 | D        | Reached XP level 2. HP: 32/32 MP: 2/2
   215 | D        | Reached XP level 3. HP: 39/39 MP: 3/3
   215 | D        | Reached XP level 4. HP: 46/46 MP: 4/4
   219 | D        | Reached skill level 5 in Axes
   219 | D        | Reached skill level 5 in Shields
   219 | D        | Reached XP level 5. HP: 36/55 MP: 5/5
   230 | D        | Reached skill level 5 in Armour
   241 | D        | Found a snail-covered altar of Cheibriados.
   241 | D        | Found a shadowy altar of Dithmenos.
   241 | D        | Found a white marble altar of Elyvilon.
   241 | D        | Found a blossoming altar of Fedhas.
   241 | D        | Found an opulent altar of Gozag.
   242 | D        | Found a hazy altar of Hepliaklqana.
   243 | D        | Found a viscous altar of Jiyva.
   244 | D        | Found an ancient bone altar of Kikubaaqudgha.
   245 | D        | Became a worshipper of Cheibriados the Contemplative
   246 | D        | Found a corrupted altar of Lugonu.
   247 | D        | Found a burning altar of Makhleb.
   248 | D        | Found a sparkling altar of Nemelex Xobeh.
   249 | D        | Found an iron altar of Okawaru.
   250 | D        | Found a stormy altar of Qazlal.
   251 | D        | Found a sacrificial altar of Ru.
   252 | D        | Found a shimmering blue altar of Sif Muna.
   253 | D        | Found a bloodstained altar of Trog.
   254 | D        | Found a hide-covered altar of Uskayaw.
   255 | D        | Found a radiant altar of Vehumet.
   256 | D        | Found an ornate altar of the Wu Jian Council.
   257 | D        | Found a shimmering altar of Xom.
   258 | D        | Found a basalt altar of Yredelemnul.
   259 | D        | Found a glowing silver altar of Zin.
   260 | D        | Found a glowing golden altar of the Shining One.
   681 | D        | Noticed a troll
   681 | D        | Noticed an orc warrior
   681 | D        | Noticed a two-headed ogre
   681 | D        | Noticed a troll
   683 | D        | Reached skill level 1 in Invocations
   683 | D        | Reached XP level 6. HP: 63/63 MP: 6/6
   686 | D        | Killed a troll
   687 | D        | Reached XP level 7. HP: 44/73 MP: 6/10
   687 | D        | HP: 1/73 [two-headed ogre/+0 giant club (11)]
   693 | D        | Mangled by a two-headed ogre

Illustrated notes

Levels and vault maps discovered:
D:        linesprint [early_d, line_temple, items_1, d_10, items_2, lair_1,
          lair_end, items_3, orc_1, orc_end, items_4, d_15, swamp_1, shoals_1,
          snake_1, spider_1, d_20, vaults_1, items_5, swamp_end, shoals_end,
          snake_end, spider_end, vaults_end, d_27, items_6, zot_1, zot_end,
          crypt_end, forest_end, elf_end, slime_end, tomb_end, abyss_end,
          pan_hell_end]

Skill      XL: |  1  2  3  4  5  6 |
---------------+-------------------+-----
Shields        | 4 5 6 7 |  7.0
Fighting       | 5 6 7 |  7.6
Axes           | 4 5 6 7 |  7.2
Armour         | 4 5 6 |  6.3
Invocations    | 1 4 |  4.0

Action                   |  1- 3 |  4- 6 |  7- 9 || total
-------------------------+-------+-------+-------++-------
Melee: War axe           |    30 |    24 |     4 ||    58
  Use: Potion            |     3 |     3 |     2 ||     8
 Stab: Invisible         |       |       |     1 ||     1
Armor: Scale mail        |    11 |     5 |       ||    16
       Chain mail        |       |     2 |     1 ||     3
Dodge: Dodged            |    10 |     6 |     1 ||    17
Block: Buckler           |     6 |     4 |     1 ||    11
